MLB
HOUSTON ASTROS @ TAMPA BAY RAYS
09/18/2041
 
TOP OF THE 1ST
Houston Astros batting - Pitching for Tampa Bay Rays : RHP José Cervantes
Pitching: RHP José Cervantes
Batting: LHB Joe Rivera 0-0: Ball
1-0: Called Strike
1-1: Foul Ball, location: 2F
1-2: Strikes out swinging
Batting: RHB Manny Castillo 0-0: Ball
1-0: Called Strike
1-1: Swinging Strike
1-2: Strikes out swinging
Batting: RHB Ángelo Guzmán 0-0: Ball
1-0: Ball
2-0: SOLO HOME RUN (Flyball, 8LXD, EV 108.8 MPH), Distance : 419 ft
Batting: LHB José Robles 0-0: Ball
1-0: Swinging Strike
1-1: Foul Ball, location: 25F
1-2: Strikes out swinging
Top of the 1st over - 1 run, 1 hit, 0 errors, 0 left on base; Houston 1 - Tampa Bay 0
BOTTOM OF THE 1ST
Tampa Bay Rays batting - Pitching for Houston Astros : RHP Bob Bush
Pitching: RHP Bob Bush
Batting: SHB Juan Longoria 0-0: Called Strike
0-1: Foul Ball, location: 3F
0-2: Ground out 6-3 (Groundball, 6S, EV 73.8 MPH)
Batting: LHB Sancho Huerta 0-0: Fly out, F8 (Flyball, 8LM, EV 90.0 MPH)
Batting: SHB António Rodríguez 0-0: Swinging Strike
0-1: Ball
1-1: Swinging Strike
1-2: Ball
2-2: Ground out 4-3 (Groundball, 4, EV 83.8 MPH)
Bottom of the 1st over - 0 runs, 0 hits, 0 errors, 0 left on base; Houston 1 - Tampa Bay 0
TOP OF THE 2ND
Houston Astros batting - Pitching for Tampa Bay Rays : RHP José Cervantes
Batting: RHB José Mercado 0-0: Called Strike
0-1: Fly out, F8 (Flyball, 78M, EV 83.1 MPH)
Batting: RHB Ted Valéncia 0-0: Called Strike
0-1: Called Strike
0-2: Strikes out swinging
Batting: RHB Ethan Sutton 0-0: Ground out 6-3 (Groundball, 6M, EV 90.6 MPH)
Top of the 2nd over - 0 runs, 0 hits, 0 errors, 0 left on base; Houston 1 - Tampa Bay 0
BOTTOM OF THE 2ND
Tampa Bay Rays batting - Pitching for Houston Astros : RHP Bob Bush
Batting: LHB Luis López 0-0: Called Strike
0-1: Foul Ball, location: 2F
0-2: Ball
1-2: Ball
2-2: Foul Ball, location: 2RF
2-2: Ball
3-2: Fly out, F4 (Popup, 4, EV 55.0 MPH)
Batting: RHB Rory Cochran 0-0: Ball
1-0: Ball
2-0: Fly out, F9 (Line Drive, 89S, EV 83.8 MPH)
Batting: LHB Jonathan Adams 0-0: Foul Ball, location: 23FF
0-1: Called Strike
0-2: Ball
1-2: Ball
2-2: Strikes out swinging
Bottom of the 2nd over - 0 runs, 0 hits, 0 errors, 0 left on base; Houston 1 - Tampa Bay 0
TOP OF THE 3RD
Houston Astros batting - Pitching for Tampa Bay Rays : RHP José Cervantes
Batting: RHB José Archuleta 0-0: DOUBLE (Groundball, 5L, EV 103.1 MPH)
Batting: LHB Ismael Camacho 0-0: Called Strike
José Archuleta steals 3rd base
0-1: Ball
1-1: Ball
2-1: Ground out U3 (Groundball, 34S, EV 85.0 MPH)
José Archuleta scores
Batting: LHB Joe Rivera 0-0: Ball
1-0: Ball
2-0: Foul Ball, location: 7LMF
2-1: Foul Ball, location: 25F
2-2: SINGLE (Line Drive, 78S, EV 90.6 MPH)
Batting: RHB Manny Castillo 0-0: Swinging Strike
0-1: Grounds into double play, 1-4-3 (Groundball, P, EV 76.9 MPH)
Top of the 3rd over - 1 run, 2 hits, 0 errors, 0 left on base; Houston 2 - Tampa Bay 0
BOTTOM OF THE 3RD
Tampa Bay Rays batting - Pitching for Houston Astros : RHP Bob Bush
Batting: RHB Edgardo Rincón 0-0: Ball
1-0: Ball
2-0: Foul Ball, location: 2F
2-1: Foul Ball, location: 3FF
2-2: SINGLE (Groundball, 6MS, EV 71.9 MPH) (infield hit)
Batting: RHB Sergio Rodríguez 0-0: Ball
1-0: Ball
2-0: Swinging Strike
2-1: Swinging Strike
2-2: Strikes out swinging
Batting: RHB Jesús Fernández 0-0: Ball
1-0: Ball
Edgardo Rincón steals 2nd base
2-0: Ground out 4-3 (Groundball, 4, EV 91.3 MPH)
Edgardo Rincón to third
Batting: SHB Juan Longoria 0-0: Swinging Strike
0-1: Ball
1-1: Ball
2-1: Foul Ball, location: 2F
2-2: SINGLE (Groundball, 56D, EV 98.8 MPH) (infield hit)
Edgardo Rincón scores
Batting: LHB Sancho Huerta 0-0: Ball
1-0: Foul Ball, location: 3F
1-1: Ball
2-1: Ball
Juan Longoria steals 2nd base
3-1: Base on Balls
Batting: SHB António Rodríguez 0-0: Ball
1-0: Foul Ball, location: 2F
1-1: Fly out, F8 (Flyball, 78M, EV 100.0 MPH)
Bottom of the 3rd over - 1 run, 2 hits, 0 errors, 2 left on base; Houston 2 - Tampa Bay 1
TOP OF THE 4TH
Houston Astros batting - Pitching for Tampa Bay Rays : RHP José Cervantes
Batting: RHB Ángelo Guzmán 0-0: Swinging Strike
0-1: Ball
1-1: Foul Ball, location: 25FF
1-2: Strikes out swinging
Batting: LHB José Robles 0-0: Foul Ball, location: 9LDF
0-1: Swinging Strike
0-2: Ball
1-2: Ball
2-2: Strikes out swinging
Batting: RHB José Mercado 0-0: Ball
1-0: DOUBLE (Flyball, 89D, EV 104.4 MPH)
Batting: RHB Ted Valéncia 0-0: Ball
1-0: Ball
2-0: Called Strike
2-1: Called Strike
2-2: Ball
3-2: Base on Balls
Batting: RHB Ethan Sutton 0-0: Called Strike
0-1: Ball
1-1: Foul Ball, location: 7LMF
1-2: Foul Ball, location: 2F
1-2: Fly out, F8 (Flyball, 8RD, EV 105.6 MPH)
Top of the 4th over - 0 runs, 1 hit, 0 errors, 2 left on base; Houston 2 - Tampa Bay 1
BOTTOM OF THE 4TH
Tampa Bay Rays batting - Pitching for Houston Astros : RHP Bob Bush
Batting: LHB Luis López 0-0: Foul Ball, location: 7LMF
0-1: Foul Ball, location: 2F
0-2: Ground out 6-3 (Groundball, 4, EV 89.4 MPH)
Batting: RHB Rory Cochran 0-0: Ground out 4-3 (Groundball, 4, EV 83.8 MPH)
Batting: LHB Jonathan Adams 0-0: Ball
1-0: Called Strike
1-1: Ball
2-1: DOUBLE (Flyball, 8RXD, EV 111.3 MPH)
Batting: RHB Edgardo Rincón 0-0: Swinging Strike
0-1: Called Strike
0-2: Ball
1-2: Ground out 6-3 (Groundball, 6, EV 98.8 MPH)
Bottom of the 4th over - 0 runs, 1 hit, 0 errors, 1 left on base; Houston 2 - Tampa Bay 1
TOP OF THE 5TH
Houston Astros batting - Pitching for Tampa Bay Rays : RHP José Cervantes
Batting: RHB José Archuleta 0-0: Reached on error, E8 (Flyball, 8RD, EV 88.1 MPH)
Batting: LHB Ismael Camacho 0-0: Ball
1-0: Ground out 2-3 (Groundball, 13S, EV 67.5 MPH)
José Archuleta to third
Batting: LHB Joe Rivera 0-0: Ball
1-0: Ground out 3-1 (Groundball, 3, EV 95.6 MPH)
Batting: RHB Manny Castillo 0-0: Ball
1-0: Fly out, F3 (Line Drive, 3, EV 70.6 MPH)
Top of the 5th over - 0 runs, 0 hits, 1 error, 1 left on base; Houston 2 - Tampa Bay 1
BOTTOM OF THE 5TH
Tampa Bay Rays batting - Pitching for Houston Astros : RHP Bob Bush
Batting: RHB Sergio Rodríguez 0-0: Ball
1-0: Hit by Pitch
Batting: RHB Jesús Fernández 0-0: Bunted foul
0-1: Sac Bunt to 13S - play at first, batter OUT! 1-3
Sergio Rodríguez to second
Batting: SHB Juan Longoria 0-0: Ball
1-0: TRIPLE (Line Drive, 8LXD, EV 106.9 MPH)
Sergio Rodríguez scores
Batting: LHB Sancho Huerta 0-0: Ball
1-0: Foul Ball, location: 5F
1-1: Foul Ball, location: 2F
1-2: Ball
2-2: DOUBLE (Flyball, 8RXD, EV 102.5 MPH)
Juan Longoria scores
Batting: SHB António Rodríguez 0-0: Ball
1-0: Ball
2-0: Fly out, F8 (Flyball, 8LXD, EV 96.9 MPH)
Runner from 2nd tags up, SAFE at 3rd, no throw by CF
Batting: LHB Luis López 0-0: Ball
1-0: Ground out 4-3 (Groundball, 4, EV 86.3 MPH)
Bottom of the 5th over - 2 runs, 2 hits, 0 errors, 1 left on base; Houston 2 - Tampa Bay 3
TOP OF THE 6TH
Houston Astros batting - Pitching for Tampa Bay Rays : RHP José Cervantes
Batting: RHB Ángelo Guzmán 0-0: Foul Ball, location: 5FF
0-1: Foul Ball, location: 9LMF
0-2: SINGLE (Groundball, 13, EV 76.3 MPH) (infield hit)
Batting: LHB José Robles 0-0: Foul Ball, location: 2F
0-1: 2-RUN HOME RUN (Flyball, 8LXD, EV 101.9 MPH), Distance : 418 ft
Batting: RHB José Mercado 0-0: Swinging Strike
0-1: Swinging Strike
0-2: Foul Ball, location: 23FF
0-2: Foul Ball, location: 9LDF
0-2: Ball
1-2: Strikes out swinging
Batting: RHB Ted Valéncia 0-0: Ball
1-0: Ball
2-0: Called Strike
2-1: Foul Ball, location: 2F
2-2: Ball
3-2: SOLO HOME RUN (Flyball, 7LD, EV 94.4 MPH), Distance : 344 ft
Batting: RHB Ethan Sutton 0-0: Ball
1-0: Called Strike
1-1: Ball
2-1: Ball
3-1: Called Strike
3-2: Base on Balls
Batting: RHB José Archuleta 0-0: Called Strike
0-1: Called Strike
0-2: Strikes out swinging
Batting: LHB Ismael Camacho 0-0: Called Strike
0-1: Ball
Ethan Sutton is caught stealing 2nd base 2-6
Top of the 6th over - 3 runs, 3 hits, 0 errors, 0 left on base; Houston 5 - Tampa Bay 3
BOTTOM OF THE 6TH
Tampa Bay Rays batting - Pitching for Houston Astros : RHP Bob Bush
Batting: RHB Rory Cochran 0-0: Ground out 6-3 (Groundball, 4M, EV 111.3 MPH)
Batting: LHB Jonathan Adams 0-0: Ball
1-0: Ball
2-0: Called Strike
2-1: Ground out U3 (Groundball, 3L, EV 85.6 MPH)
Batting: RHB Edgardo Rincón 0-0: Ball
1-0: Ball
2-0: Ball
3-0: Called Strike
3-1: Called Strike
3-2: Foul Ball, location: 7LSF
3-2: Foul Ball, location: 5SF
3-2: Fly out, F8 (Flyball, 8RM, EV 90.0 MPH)
Bottom of the 6th over - 0 runs, 0 hits, 0 errors, 0 left on base; Houston 5 - Tampa Bay 3
TOP OF THE 7TH
Houston Astros batting - Pitching for Tampa Bay Rays : RHP José Cervantes
Pitching: LHP Ulrico Detillo
Batting: LHB Ismael Camacho 0-0: Ball
1-0: Ground out 6-3 (Groundball, 6, EV 80.6 MPH)
Batting: LHB Joe Rivera 0-0: Ball
1-0: Ball
2-0: Called Strike
2-1: Foul Ball, location: 25F
2-2: Ball
3-2: Foul Ball, location: 3SF
3-2: Ground out 6-3 (Groundball, 6, EV 83.1 MPH)
Batting: RHB Manny Castillo 0-0: Called Strike
0-1: Ball
1-1: Ball
2-1: Ball
3-1: Base on Balls
Batting: RHB Ángelo Guzmán 0-0: Ball
1-0: Foul Ball, location: 2F
1-1: Foul Ball, location: 3F
1-2: Foul Ball, location: 2F
1-2: Foul Ball, location: 2F
1-2: Ball
2-2: Foul Ball, location: 3F
2-2: TRIPLE (Flyball, 89XD, EV 106.3 MPH)
Manny Castillo scores
Batting: LHB José Robles 0-0: Called Strike
0-1: Ball
1-1: Ball
2-1: SINGLE (Groundball, 4MD, EV 98.8 MPH)
Ángelo Guzmán scores
Batting: RHB José Mercado 0-0: Called Strike
0-1: Ball
1-1: 2-RUN HOME RUN (Flyball, 8LXD, EV 113.8 MPH), Distance : 449 ft
Pitching: RHP José Pérez
Batting: RHB Ted Valéncia 0-0: Ball
1-0: Ball
2-0: Ball
3-0: Ground out U3 (Groundball, 3, EV 83.8 MPH)
Top of the 7th over - 4 runs, 3 hits, 0 errors, 0 left on base; Houston 9 - Tampa Bay 3
BOTTOM OF THE 7TH
Tampa Bay Rays batting - Pitching for Houston Astros : RHP Bob Bush
Batting: RHB Sergio Rodríguez 0-0: Fly out, F8 (Line Drive, 8RD, EV 90.6 MPH)
Batting: RHB Jesús Fernández 0-0: Ball
1-0: Called Strike
1-1: Foul Ball, location: 5F
1-2: Foul Ball, location: 2F
1-2: Ground out 4-3 (Groundball, 4M, EV 109.4 MPH)
Batting: SHB Juan Longoria 0-0: Ball
1-0: Ball
2-0: Foul Ball, location: 2F
2-1: Ball
3-1: Base on Balls
Pitching: RHP Mike Flores
Batting: LHB Sancho Huerta 0-0: Ball
Juan Longoria is caught stealing 2nd base 2-6
Bottom of the 7th over - 0 runs, 0 hits, 0 errors, 0 left on base; Houston 9 - Tampa Bay 3
TOP OF THE 8TH
Houston Astros batting - Pitching for Tampa Bay Rays : RHP José Pérez
Batting: RHB Ethan Sutton 0-0: Swinging Strike
0-1: Ball
1-1: Called Strike
1-2: Ball
2-2: SINGLE (Flyball, 7LS, EV 91.3 MPH)
Batting: RHB José Archuleta 0-0: Ball
1-0: Called Strike
1-1: Ball
2-1: Called Strike
2-2: Foul Ball, location: 2RF
2-2: Fly out, F8 (Flyball, 89S, EV 90.6 MPH)
Batting: LHB Ismael Camacho 0-0: Called Strike
Ethan Sutton is caught stealing 2nd base 2-6
0-1: SINGLE (Groundball, 34D, EV 101.9 MPH)
Batting: LHB Joe Rivera 0-0: Ball
1-0: Ball
2-0: Foul Ball, location: 2F
2-1: Foul Ball, location: 5SF
2-2: Ground out 4-3 (Groundball, 4, EV 88.1 MPH)
Top of the 8th over - 0 runs, 2 hits, 0 errors, 1 left on base; Houston 9 - Tampa Bay 3
BOTTOM OF THE 8TH
Tampa Bay Rays batting - Pitching for Houston Astros : RHP Mike Flores
Batting: LHB Sancho Huerta 0-0: Ground out 4-3 (Groundball, 4S, EV 86.3 MPH)
Batting: SHB António Rodríguez 0-0: Ball
1-0: Ball
2-0: Ball
3-0: Base on Balls
Batting: LHB Luis López 0-0: Ball
1-0: Swinging Strike
1-1: Ball
2-1: Foul Ball, location: 2F
2-2: Foul Ball, location: 2F
2-2: Strikes out swinging
Pinch Hitting: SHB Víctor Zumaya 0-0: Swinging Strike
0-1: Ball
1-1: Foul Ball, location: 5DF
1-2: Foul Ball, location: 2F
1-2: Strikes out swinging
Bottom of the 8th over - 0 runs, 0 hits, 0 errors, 1 left on base; Houston 9 - Tampa Bay 3
TOP OF THE 9TH
Houston Astros batting - Pitching for Tampa Bay Rays : RHP José Pérez
Now at 2B: Edgardo Rincón
Now at 3B: Kade Piper
Batting: RHB Manny Castillo 0-0: Ball
1-0: Foul Ball, location: 3FF
1-1: Fly out, F3 (Popup, 23F, EV 85.0 MPH)
Batting: RHB Ángelo Guzmán 0-0: Swinging Strike
0-1: Called Strike
0-2: Strikes out swinging
Batting: LHB José Robles 0-0: Called Strike
0-1: Ball
1-1: Foul Ball, location: 3F
1-2: Ball
2-2: Hit by Pitch
Batting: RHB José Mercado 0-0: Called Strike
0-1: Called Strike
0-2: Ball
1-2: Strikes out swinging
Top of the 9th over - 0 runs, 0 hits, 0 errors, 1 left on base; Houston 9 - Tampa Bay 3
BOTTOM OF THE 9TH
Tampa Bay Rays batting - Pitching for Houston Astros : RHP Mike Flores
Batting: LHB Jonathan Adams 0-0: Ball
1-0: Swinging Strike
1-1: Swinging Strike
1-2: Strikes out swinging
Batting: RHB Edgardo Rincón 0-0: Ball
1-0: Fly out, F9 (Flyball, 9LM, EV 87.5 MPH)
Batting: RHB Sergio Rodríguez 0-0: Called Strike
0-1: Ground out 6-3 (Groundball, P, EV 90.6 MPH)
Bottom of the 9th over - 0 runs, 0 hits, 0 errors, 0 left on base; Houston 9 - Tampa Bay 3
Sunday, March 24th , 2024 - OOTP Baseball 24.10 Build 82